 Dungeon Crawl Stone Soup version 0.29.0-4-gdea44cf6ec (webtiles) character file.

Game seed: 9653492249686714659

228 qw the Chopper (level 6, -2/35 HPs)
             Began as a Tengu Warper on Aug 28, 2022.
             Slain by an iguana (9 damage)
             ... on level 4 of the Dungeon.
             The game lasted 00:00:17 (3503 turns).

qw the Chopper (Tengu Warper)                       Turns: 3503, Time: 00:00:18

Health: -2/35      AC:  5    Str: 13    XL:     6   Next: 2%
Magic:  10/10      EV: 14    Int: 14    God:
Gold:   8          SH:  0    Dex: 19    Spells: 9/9 levels left

rFire   . . .      SeeInvis .   Y - +0 war axe
rCold   . . .      Faith    .   (no shield)
rNeg    . . .      Spirit   .   e - +0 ring mail
rPois   .          Reflect  .   (helmet restricted)
rElec   .          Harm     .   (no cloak)
rCorr   .          Rampage  .   (no gloves)
Will    .....                   (boots unavailable)
Stlth   +.........              (no amulet)
HPRegen 0.11/turn               c - +6 ring of dexterity
MPRegen 0.12/turn               (no ring)

@: flying quickly and evasively, quick
A: beak, talons 3, nimble flight
a: no special abilities


You were on level 4 of the Dungeon.
You visited 1 branch of the dungeon, and saw 4 of its levels.

You collected 188 gold pieces.
You spent 180 gold pieces at shops.


Innate Abilities, Weirdness & Mutations

You have a beak for a mouth.
You have claws for feet.
Your magical nature lets you fly swiftly and evasively.


   Skills:
 - Level 2.0 Fighting
 + Level 6.0 Axes
 - Level 1.0 Throwing
 - Level 1.1 Armour
 - Level 3.5 Dodging
 - Level 2.0 Spellcasting
 - Level 2.4 Translocations


You had 9 spell levels left.
You didn't know any spells.
Your spell library contained the following spells:

 Spells                   Type           Power      Damage    Failure   Level
 Blink                    Tloc           16%        N/A       28%         2
 Gell's Gravitas          Tloc           8%         N/A       50%         3
 Lesser Beckoning         Tloc           8%         N/A       50%         3
 Teleport Other           Tloc           8%         N/A       50%         3
 Manifold Assault         Tloc           8%         N/A       99%         5

Inventory:

Hand Weapons
 k - a +1 vorpal mace
 Y - a +0 war axe (weapon)
Armour
 e - a +0 ring mail (worn)
Jewellery
 c - a +6 ring of dexterity (left hand)
Scrolls
 b - a scroll of identify {unknown}
 j - 2 scrolls of teleportation
Potions
 a - 5 potions of curing
 d - a potion of berserk rage {unknown}
 f - a potion of haste {unknown}
 g - a potion of heal wounds
 i - a potion of brilliance {unknown}

Dungeon Overview and Level Annotations

Branches:
Dungeon (4/15)
 Temple: D:4-7

Altars:
Vehumet
Zin
The Shining One


Message History

You closely miss the bullfrog. Your peck misses the bullfrog.
The bullfrog is heavily wounded.
The bullfrog closely misses you. The bullfrog misses you.
You barely miss the bullfrog. Your peck misses the bullfrog.
The bullfrog is heavily wounded.
The bullfrog misses you. The bullfrog completely misses you.
You hit the bullfrog.
The bullfrog is almost dead.
The bullfrog misses you. The bullfrog barely misses you.
You closely miss the bullfrog.
The bullfrog is almost dead.
The bullfrog misses you.
You hit the bullfrog but do no damage.
The bullfrog is almost dead.
The bullfrog misses you.
The bullfrog hits you but does no damage.
You barely miss the bullfrog. You claw the bullfrog. You peck the bullfrog.
You kill the bullfrog!
You hit the iguana but do no damage. The iguana bites you!
Your Dodging skill increases to level 3!
You have reached level 6!
You closely miss the necrophage. You claw the necrophage.
The necrophage is moderately damaged.
You hit the iguana but do no damage. The iguana barely misses you.
The necrophage hits you but does no damage.
You barely miss the necrophage. You claw the necrophage.
You peck the necrophage.
The necrophage is heavily damaged.
You closely miss the iguana. The iguana bites you! The necrophage hits you.
You slash the necrophage! Your kick misses the necrophage.
The necrophage is severely damaged.
You closely miss the iguana.
The iguana bites you but does no damage.
The necrophage hits you.
The necrophage hits you but does no damage.
The iguana bites you!
You die...

#........# # +........
#. #.......
#########.###.......
........#.........#
........+.........#
......!.##........# .
........##........# .
.......@..........# .
.(....nl..........#####.
......................+.
.........#.........#..#.
.........#.......#.....#
.........#......###.....
.........#......#}_..\..
(..#+###.######.###.....
.. #.# #..#......


You could see a necrophage and an iguana.

Vanquished Creatures
  A bullfrog (D:4)
  A scorpion (D:4)
  4 adders
  4 worms
  3 orcs (D:3)
  9 endoplasms
  A giant cockroach (D:4)
  9 goblins
  6 hobgoblins
  5 kobolds
  A quokka (D:1)
  4 ball pythons (D:1)
  6 bats
  3 frilled lizards
  4 rats
61 creatures vanquished.

Vanquished Creatures (others)
  3 plants (D:1)
3 creatures vanquished.

Grand Total: 64 creatures vanquished

Notes
Turn   | Place    | Note
-------+----------+-------------------------------------------
     0 | D:1      | qw the Tengu Warper began the quest for the Orb.
     0 | D:1      | Reached XP level 1. HP: 12/12 MP: 4/4
     0 | D:1      | 0 ||| qw: Version: 0.1-a-89-g26bdef1
     0 | D:1      | 0 ||| qw: Game counter: 1438
     0 | D:1      | 0 ||| qw: Always use a shield: true
     0 | D:1      | 0 ||| qw: God list: Okawaru
     0 | D:1      | 0 ||| qw: Allow faded altars: false
     0 | D:1      | 0 ||| qw: Do Orc after D:15 true
     0 | D:1      | 0 ||| qw: Do second Lair branch before Depths: true
     0 | D:1      | 0 ||| qw: Lair rune preference: random
     0 | D:1      | 0 ||| qw: Plans: Normal
     0 | D:1      | 0 ||| PLANNING D:1-11
    89 | D:1      | 89 ||| Stepping ~*~*~tactically~*~*~ (stealth).
    91 | D:1      | 91 ||| Stepping ~*~*~tactically~*~*~ (stealth).
   167 | D:1      | 167 ||| Stepping ~*~*~tactically~*~*~ (stealth).
   186 | D:1      | Found a faded altar of an unknown god.
   209 | D:1      | Reached XP level 2. HP: 17/17 MP: 6/6
   225 | D:1      | Reached skill level 3 in Axes
   249 | D:1      | 249 ||| Stepping ~*~*~tactically~*~*~ (stealth).
   318 | D:1      | 318 ||| Stepping ~*~*~tactically~*~*~ (stealth).
   319 | D:1      | 319 ||| Stepping ~*~*~tactically~*~*~ (stealth).
   320 | D:1      | 320 ||| Stepping ~*~*~tactically~*~*~ (stealth).
   325 | D:1      | 325 ||| Stepping ~*~*~tactically~*~*~ (stealth).
   326 | D:1      | 326 ||| Stepping ~*~*~tactically~*~*~ (stealth).
   327 | D:1      | 327 ||| Stepping ~*~*~tactically~*~*~ (stealth).
   328 | D:1      | 328 ||| Stepping ~*~*~tactically~*~*~ (stealth).
   459 | D:1      | 459 ||| Stepping ~*~*~tactically~*~*~ (stealth).
   760 | D:1      | 760 ||| UPGRADING to +0 ring mail.
   770 | D:1      | 770 ||| DROPPING +0 leather armour.
   771 | D:1      | 771 ||| READING scroll labelled GUFFYNGOPHA.
   772 | D:1      | 772 ||| READING scroll labelled IFRUTW UHUSCH.
   773 | D:1      | 773 ||| READING scroll labelled ICISSA VUNTUU.
   776 | D:1      | 776 ||| DRINKING 2 ruby potions.
   877 | D:1      | 877 ||| DROPPING scroll of blinking.
   878 | D:1      | 878 ||| DROPPING potion of ambrosia.
   992 | D:2      | Reached XP level 3. HP: 7/21 MP: 7/7
  1248 | D:2      | 1248 ||| Stepping ~*~*~tactically~*~*~ (stealth).
  1266 | D:2      | 1266 ||| Stepping ~*~*~tactically~*~*~ (stealth).
  1276 | D:2      | 1276 ||| Stepping ~*~*~tactically~*~*~ (stealth).
  1285 | D:2      | 1285 ||| DROPPING +0 club.
  1336 | D:2      | Reached skill level 4 in Axes
  1606 | D:2      | 1606 ||| Stepping ~*~*~tactically~*~*~ (stealth).
  2003 | D:2      | 2003 ||| UPGRADING to +6 ring of dexterity.
  2004 | D:2      | 2004 ||| READING scroll labelled BEDGHEUH TOETZ.
  2005 | D:2      | 2005 ||| DRINKING 3 yellow potions.
  2057 | D:3      | 2057 ||| STAIRDANCE
  2061 | D:2      | Reached XP level 4. HP: 15/26 MP: 8/8
  2194 | D:3      | 2194 ||| STAIRDANCE
  2202 | D:3      | 2202 ||| STAIRDANCE
  2264 | D:3      | 2264 ||| STAIRDANCE
  2539 | D:3      | 2539 ||| Stepping ~*~*~tactically~*~*~ (stealth).
  2543 | D:3      | 2543 ||| Stepping ~*~*~tactically~*~*~ (stealth).
  2545 | D:3      | 2545 ||| Stepping ~*~*~tactically~*~*~ (stealth).
  2547 | D:3      | 2547 ||| Stepping ~*~*~tactically~*~*~ (stealth).
  2559 | D:3      | 2559 ||| Stepping ~*~*~tactically~*~*~ (stealth).
  2681 | D:3      | 2681 ||| DROPPING +0 whip.
  2693 | D:3      | Reached skill level 5 in Axes
  2741 | D:3      | Found a radiant altar of Vehumet.
  3076 | D:3      | Found a glowing golden altar of the Shining One.
  3112 | D:3      | 3112 ||| Stepping ~*~*~tactically~*~*~ (stealth).
  3113 | D:3      | 3113 ||| SWAPPING to +0 war axe.
  3114 | D:3      | 3114 ||| DROPPING +0 hand axe.
  3130 | D:3      | 3130 ||| READING scroll labelled HOPSET AJAO.
  3131 | D:3      | 3131 ||| DRINKING 2 white potions.
  3134 | D:4      | 3134 ||| PLANNING OSSUARY
  3136 | D:4      | 3136 ||| STAIRDANCE
  3245 | D:4      | Found Zin's Purification Station.
  3248 | D:4      | Found a glowing silver altar of Zin.
  3265 | D:4      | 3265 ||| BUYING 2 potions of curing (180 gold).
  3265 | D:4      | Bought 2 potions of curing for 180 gold pieces
  3276 | D:4      | Noticed a scorpion
  3283 | D:4      | Killed a scorpion
  3284 | D:4      | Reached skill level 6 in Axes
  3284 | D:4      | Gained mutation: Your magical nature lets you fly swiftly
                  | and evasively. [Tengu growth]
  3284 | D:4      | Reached XP level 5. HP: 18/30 MP: 9/9
  3501 | D:4      | Reached skill level 3 in Dodging
  3501 | D:4      | Reached XP level 6. HP: 21/35 MP: 10/10
  3503 | D:4      | HP: 7/35 [necrophage (2)]
  3503 | D:4      | Slain by an iguana

Levels and vault maps discovered:
D:1:      dpeg_arrival_shrine, layout_loops_ring,
          shapermc_ecumenical_altar_mp_ritualfount
D:2:      layout_loops_cross, minivault_27
D:3:      layout_basic, lemuel_round_altar, nicolae_tso_carved_into_rock,
          st_stairs_13
D:4:      layout_basic, general_overflow_altar, zin_purify, serial_shops, shop,
          nicolae_ossuary_entry_ruins, uniq_crazy_yiuf_cottage

Skill      XL: |  1  2  3  4  5 |
---------------+----------------+-----
Axes           | 3 4 6 |  6.0
Dodging        | 3 |  3.5
Fighting       | |  2.0
Throwing       | |  1.0
Armour         | |  1.1
Spellcasting   | |  2.0
Translocations | |  2.4

Action                   |  1- 3 |  4- 6 || total
-------------------------+-------+-------++-------
Melee: Hand axe          |    78 |    25 ||   103
       Peck              |    11 |     7 ||    18
       Kick              |    17 |    13 ||    30
       War axe           |       |    20 ||    20
       Punch             |       |     1 ||     1
Throw: Boomerang         |     7 |       ||     7
       Javelin           |       |    15 ||    15
  Use: Scroll            |     4 |     1 ||     5
       Potion            |     2 |     1 ||     3
Armor: Leather armour    |     9 |       ||     9
       Ring mail         |     9 |    11 ||    20
Dodge: Dodged            |    43 |    25 ||    68

Table legend:
 A = Non-vault XP
 B = Vault XP
 C = Vault XP percentage of total XP
 D = Non-vault monster count
 E = Vault monster count
 F = Vault count percentage of total count
                 A         B        C        D         E       F
            +---------+---------+-------+---------+---------+-------
      Total |     325 |       2 |   0.6 |      60 |       1 |   1.6
            +---------+---------+-------+---------+---------+-------
        D:1 |      28 |       0 |   0.0 |      18 |       0 |   0.0
        D:2 |      61 |       0 |   0.0 |      23 |       0 |   0.0
        D:3 |      53 |       2 |   3.6 |      13 |       1 |   7.1
        D:4 |     183 |       0 |   0.0 |       6 |       0 |   0.0
            +---------+---------+-------+---------+---------+-------
